 Dungeon Sprint DCSS version 0.19.1-1-g22dce08 (webtiles) character file.

135 dvd the Cudgeler (level 4, -28/50 HPs)
             Began as a Troll Berserker on Jan 3, 2017.
             Was a Priest of Trog.
             Annihilated by an earth elemental (34 damage)
             ... summoned by a deep elf mage
             ... in the Dungeon (Sprint III: "The Ten Rune Challenge").
             The game lasted 00:01:46 (201 turns).

dvd the Cudgeler (Troll Berserker)                   Turns: 201, Time: 00:01:50

Health: -28/50     AC:  6    Str: 25    XL:     4   Next: 96%
Magic:  3/3        EV: 14    Int:  3    God:    Trog [***...]
Gold:   16         SH:  0    Dex: 10    Spells: 0 memorised, 3 levels left

rFire  . . .     SeeInvis .     l - +3 quarterstaff (chaos)
rCold  . . .     Gourm    +     b - +0 animal skin
rNeg   . . .     Faith    +     (shield currently unavailable)
rPois  .         Spirit   .     (helmet restricted)
rElec  .         Reflect  .     m - +0 cloak
rCorr  .         Harm     .     (gloves unavailable)
MR     .....     NoTele   +     (boots unavailable)
Stlth  +.........               j - amulet of faith
                                (no ring)
                                (no ring)

@: exhausted, slowed, very slow
A: unfitting armour, claws 3, repulsion field 1, fast metabolism 3, gourmand,
regeneration 1, shaggy fur 1, tough skin 2
a: Berserk, Trog's Hand, Burn Spellbooks, Renounce Religion


You were in the Dungeon.
You worshipped Trog.
Trog was most pleased with you.
You were very full.

You visited 1 branch You collected 16 gold pieces.

Inventory:

Hand Weapons
 a - a +0 mace
 l - a +3 quarterstaff of chaos (weapon)
Armour
 b - a +0 animal skin (worn)
 m - a +0 cloak (worn)
Jewellery
 j - an amulet of faith (around neck)
Scrolls
 i - a scroll of blinking
 o - a scroll of holy word {unknown}
 p - 3 scrolls of identify
 q - a scroll of remove curse {unknown}
 s - a scroll of torment {unknown}
 t - 3 scrolls of random uselessness {unknown}
Potions
 d - 2 potions of curing
 e - 2 potions of heal wounds
 f - a potion of haste
 g - 2 potions of magic
 h - a potion of berserk rage
 r - a potion of invisibility {unknown}
 v - a potion of cure mutation
Comestibles
 c - 3 bread rations
 k - 2 chunks of flesh
 u - a fruit


   Skills:
 + Level 5.1 Fighting
 + Level 5.8 Maces & Flails
 + Level 0.4(3.2) Staves
 + Level 5.4 Dodging


You had 3 spell levels left.
You didn't know any spells.

Dungeon Overview and Level Annotations

Branches:
Dungeon (1/1)

Altars:
Elyvilon
Zin
The Shining One


Innate Abilities, Weirdness & Mutations

You are too large for most types of armour.
You have claws for hands.
Your metabolism is lightning-fast.
You like to eat raw meat.
Your natural rate of healing is unusually fast.
You are covered in fur. (AC +1)
You have very tough skin. (AC +2)
You are surrounded by a mild repulsion field. (EV +2)


Message History

The deep elf mage barely misses you.
You thump the deep elf mage!
The deep elf mage is severely wounded.
The deep elf mage hits you with a long sword of holy wrath!
The earth elemental barely misses you. x2
You miss the deep elf mage.
The deep elf mage is severely wounded.
The deep elf mage barely misses you. The earth elemental barely misses you.
The earth elemental closely misses you.
The deep elf mage mumbles some strange words.
The deep elf mage blinks!
The earth elemental misses you. The earth elemental closely misses you.
You closely miss the deep elf mage.
The deep elf mage is severely wounded.
The deep elf mage hits you but does no damage.
The earth elemental hits you!!
* * * LOW HITPOINT WARNING * * *
The earth elemental barely misses you. The earth elemental hits you!!
Ouch! That really hurt!
You die...

▓▓▓▓ ▓▓▓ (..#### ##.#####
......#####..#___#
.....).#..#..#.EE#
#.##...#..#..###@#+###+##
#.###..##'#..#..eE......#
##.##..###...'.⌠........#
..##..####...#...######+#
..##..###....#.⌠.#
.##...##.....#...#
##....#÷.....#+###
##..##.#÷....# #..
####....#


You could see 3 earth elementals and a deep elf mage.

Vanquished Creatures
  A water elemental (D)
  Crazy Yiuf (D)
  Jessica (D)
  A human (D)
  3 rats (D)
7 creatures vanquished.

Vanquished Creatures (others)
  A draconian scorcher (D)
  5 hellions (D)
  A yaktaur (D)
  An electric eel (D)
8 creatures vanquished.

Grand Total: 15 creatures vanquished

Notes
Turn   | Place    | Note
-------+----------+-------------------------------------------
     0 | D        | dvd the Troll Berserker began the quest for the Orb.
     0 | D        | Reached XP level 1. HP: 22/22 MP: 0/0
    25 | D        | Killed a yaktaur
    29 | D        | Noticed Jessica
    37 | D        | Killed Jessica
    37 | D        | Reached ** piety under Trog
    37 | D        | Reached XP level 2. HP: 26/31 MP: 1/1
    55 | D        | Noticed Crazy Yiuf
    65 | D        | Reached *** piety under Trog
    65 | D        | Reached XP level 3. HP: 39/39 MP: 2/2
    71 | D        | Killed Crazy Yiuf
    71 | D        | Reached skill level 5 in Maces & Flails
    71 | D        | Reached XP level 4. HP: 44/49 MP: 3/3
   104 | D        | Killed a hellion
   112 | D        | Killed a hellion
   114 | D        | Killed a hellion
   120 | D        | Killed a hellion
   144 | D        | Killed a white draconian scorcher
   156 | D        | Gained mutation: Your flesh is cold resistant. (rC+) [potion of mutation]
   156 | D        | Gained mutation: You are surrounded by a mild repulsion field. (EV +2) [potion of mutation]
   156 | D        | Gained mutation: You are robust. (+10% HP) [potion of mutation]
   157 | D        | Lost mutation: You are robust. (+10% HP) [potion of mutation]
   157 | D        | Gained mutation: Your body sometimes deteriorates upon taking damage. [potion of mutation]
   157 | D        | Gained mutation: You are weak. (Str -2) [potion of mutation]
   157 | D        | Killed a hellion
   160 | D        | Lost mutation: You are weak. (Str -2) [potion of cure mutation]
   160 | D        | Lost mutation: Your body sometimes deteriorates upon taking damage. [potion of cure mutation]
   160 | D        | Lost mutation: Your flesh is cold resistant. (rC+) [potion of cure mutation]
   177 | D        | Noticed a water elemental
   180 | D        | Killed a water elemental
   180 | D        | Reached skill level 5 in Fighting
   180 | D        | Reached skill level 5 in Dodging
   192 | D        | Found a glowing silver altar of Zin.
   192 | D        | Found a glowing golden altar of the Shining One.
   192 | D        | Found a white marble altar of Elyvilon.
   193 | D        | Noticed a deep elf mage
   197 | D        | Noticed an earth elemental
   197 | D        | Noticed an earth elemental
   198 | D        | Noticed an earth elemental
   201 | D        | Annihilated by an earth elemental

Skill      XL: |  1  2  3  4 |
---------------+-------------+-----
Maces & Flails | 4 5 |  5.8
Fighting       | 3 4 5 |  5.1
Dodging        | 3 4 5 |  5.4
Staves         | |  0.4

Action                   |  1- 3 |  4- 6 || total
-------------------------+-------+-------++-------
Melee: Mace              |    25 |       ||    25
       Quarterstaff      |       |     9 ||     9
Invok: Berserk           |     1 |     1 ||     2
  Use: Potion            |       |     4 ||     4
  Eat: Chunk             |     1 |     8 ||     9
Armor: Animal skin       |     5 |     3 ||     8
Dodge: Dodged            |    12 |    14 ||    26
